 Dungeon Crawl Stone Soup version 0.21-a0-142-gdd972a7 (webtiles) character file.

15 grindst0ne the Firebug (level 2, -1/20 HPs)
             Began as a Hill Orc Fire Elementalist on July 22, 2017.
             Slain by Terence
             ... wielding a +0 flail
              (8 damage)
             ... on level 2 of the Dungeon.
             The game lasted 00:02:10 (616 turns).

grindst0ne the Firebug (Hill Orc Fire Elementalist)  Turns: 616, Time: 00:02:11

Health: -1/20      AC:  4    Str: 10    XL:     2   Next: 50%
Magic:  4/4        EV: 12    Int: 15    God:
Gold:   29         SH:  0    Dex: 11    Spells: 3/4 levels left

rFire    + . .     SeeInvis .   e - -1 short sword (curse)
rCold    + . .     Gourm    .   (no shield)
rNeg     . . .     Faith    .   a - +0 robe
rPois    +         Spirit   .   h - +0 helmet
rElec    +         Reflect  .   (no cloak)
rCorr    +         Harm     .   (no gloves)
MR       .....                  j - +0 pair of boots
Stlth    ++........             (no amulet)
HPRegen  0.06/turn              (no ring)
MPRegen  0.09/turn              (no ring)

@: confused, resistant, very slightly contaminated
A: large bone plates 1, camouflage 1, wild magic 1
a: no special abilities


You were on level 2 of the Dungeon.
You were not hungry.

You visited 1 branch of the dungeon, and saw 2 of its levels.

You collected 29 gold pieces.

Inventory:

Hand Weapons
 e - a cursed -1 short sword (weapon)
Armour
 a - a +0 robe (worn)
 h - a +0 helmet (worn)
 j - a +0 pair of boots (worn)
Scrolls
 f - 3 scrolls of teleportation {unknown}
Books
 b - a book of Flames

   Spells                             Type                      Level
   a - Flame Tongue                   Conjuration/Fire             1
   b - Throw Flame                    Conjuration/Fire             2
   c - Conjure Flame                  Conjuration/Fire             3
   d - Inner Flame                    Hexes/Fire                   3
   e - Sticky Flame                   Conjuration/Fire             4
   f - Fireball                       Conjuration/Fire             5
Comestibles
 c - a bread ration
 i - 2 chunks of flesh


   Skills:
 - Level 1.5 Dodging
 - Level 1.5 Stealth
 - Level 1.5 Spellcasting
 + Level 1.8 Conjurations
 + Level 3.7 Fire Magic


You had 3 spell levels left.
You knew the following spells:

 Your Spells              Type           Power        Failure   Level  Hunger
a - Flame Tongue          Conj/Fire      ##...        12%         1    ##.....


Dungeon Overview and Level Annotations

Branches:
Dungeon (2/15)

Altars:

Annotations:
D:2 Terence


Innate Abilities, Weirdness & Mutations

You are partially covered in large bone plates. (SH +4)
Your skin changes colour to match your surroundings (Stealth+).
Your spells are a little harder to cast, but a little more powerful.


Message History

Nothing appears to happen.
It was a potion of resistance.
You feel protected. Terence closely misses you.
It was a potion of mutation.
You feel extremely strange.
You feel less in control of your magic.
Your skin functions as natural camouflage.
Large bone plates grow over parts of your arms.
Terence hits you with a flail.
* * * LOW HITPOINT WARNING * * *
Casting: Flame Tongue
Confirm with . or Enter, or press ? or * to list all spells.
You don't have enough magic to cast that spell.
Unknown command.
There is a stone staircase leading up here.
It was a potion of ambrosia.
You are confused.
You feel invigorated. Terence misses you.
You're too confused to move!
Terence hits you with a flail!
You die...

###############
#..#....$(.....
#..#.........#
#..#.........#
#.@#.........#
#@##.........#
###.#............#
#............#.###
#.#.####.###%# #.
..... .# #
#.##.#.#.# #
..#.#.# ... #.#


You could see Terence.

Vanquished Creatures
  A dart slug (D:1)
  A giant cockroach (D:1)
  3 goblins (D:1)
  A hobgoblin (D:1)
  4 kobolds (D:1)
  3 rats
13 creatures vanquished.

Notes
Turn   | Place    | Note
-------+----------+-------------------------------------------
     0 | D:1      | grindst0ne the Hill Orc Fire Elementalist began the quest for the Orb.
     0 | D:1      | Reached XP level 1. HP: 14/14 MP: 3/3
   280 | D:1      | Reached XP level 2. HP: 20/20 MP: 2/4
   589 | D:2      | Noticed Terence
   613 | D:2      | Gained mutation: Your spells are a little harder to cast, but a little more powerful. [potion of mutation]
   613 | D:2      | Gained mutation: Your skin changes colour to match your surroundings (Stealth+). [potion of mutation]
   613 | D:2      | Gained mutation: You are partially covered in large bone plates. (SH +4) [potion of mutation]
   613 | D:2      | HP: 1/20 [Terence/flail (5)]
   616 | D:2      | Slain by Terence

Vault maps used:
D:1:      co_arrival_random_square_maze, kennysheep_decorative_pillar
D:2:      regret_index_temple_of_mockery, minmay_curled_crystal, uniq_terence

Action                   || total
-------------------------++-------
Melee: Short sword       ||    12
 Cast: Flame Tongue      ||    20
  Use: Potion            ||     3
Armor: Robe              ||     1
Dodge: Dodged            ||    14
